 Dungeon Crawl Stone Soup version 0.25.0-9-g26727b657a (webtiles) character file.

Game seed: 16627416912035936069

30 shadizar the Shield-Bearer (level 3, -4/26 HPs)
             Began as an Octopode Fighter on June 21, 2020.
             Killed from afar by Sigmund (6 damage)
             ... with a magic dart
             ... on level 2 of the Dungeon.
             The game lasted 00:01:02 (1282 turns).

shadizar the Shield-Bearer (Octopode Fighter)       Turns: 1282, Time: 00:01:02

Health: -4/26      AC:  1    Str: 16    XL:     3   Next: 18%
Magic:  3/3        EV: 11    Int: 10    God:
Gold:   100        SH:  8    Dex: 11    Spells: 2/2 levels left

rFire    . . .     SeeInvis .   a - +0 war axe
rCold    . . .     Gourm    .   b - +0 kite shield
rNeg     . . .     Faith    .   (helmet restricted)
rPois    .         Spirit   .   (no amulet)
rElec    .         Reflect  .   (no ring)
rCorr    .         Harm     .   (no ring)
MR       .....                  (no ring)
Stlth    +++.......             (no ring)
HPRegen  0.08/turn              (no ring)
MPRegen  0.08/turn              (no ring)
                                (no ring)
                                (no ring)

@: lethally poisoned (-4 -> -30)
A: almost no armour, stealthy swim, amphibious, 8 rings, constrict 8, camouflage
1, gelatinous body 1
a: no special abilities


You were on level 2 of the Dungeon.
You were not hungry.

You visited 1 branch of the dungeon, and saw 2 of its levels.

You collected 100 gold pieces.

Inventory:

Hand Weapons
 a - a +0 war axe (weapon)
Armour
 b - a +0 kite shield (worn)
Scrolls
 e - a scroll of immolation {unknown}
 i - 3 scrolls of teleportation {unknown}
 j - a scroll of enchant armour {unknown}
Potions
 c - a potion of might
 g - 2 potions of curing {unknown}
 h - a potion of degeneration {unknown}
 k - 2 potions of magic {unknown}
 l - a potion of flight {unknown}
Comestibles
 d - 5 rations
 f - 3 chunks of flesh


   Skills:
 + Level 3.2 Fighting
 + Level 2.3 Axes
 + Level 3.2 Dodging
 + Level 1.6 Stealth
 + Level 3.2 Shields


You had 2 spell levels left.
You didn't know any spells.
Your spell library was empty.

Dungeon Overview and Level Annotations

Branches:
Dungeon (2/15)

Altars:

Annotations:
D:2 Sigmund


Innate Abilities, Weirdness & Mutations

You cannot wear most types of armour.
You are very stealthy in the water. (Stealth+)
You are amphibious.
You can wear up to eight rings at the same time.
You can use your tentacles to constrict eight enemies at once.
Your skin changes colour to match your surroundings (Stealth+).
Your rubbery body absorbs attacks. (AC +1, EV +1)


Message History

You constrict the jackal.
You kill the jackal!
Sigmund barely misses you. Sigmund barely misses you.
Sigmund is nearby!
Sigmund is nearby!
You closely miss Sigmund. Your grab misses Sigmund.
A giant cockroach comes into view.
Sigmund gestures at you while chanting. The puff of flame hits you.
Sigmund hits you from afar with a +4 scythe of venom!
Ouch! That really hurt!
* * * LOW HITPOINT WARNING * * *
You are lethally poisoned!
* * * LOW HITPOINT WARNING * * *
You feel sick.
Sigmund says, "Don't worry, I'll kill you fast."
Sigmund gestures at you while chanting. The magic dart hits you.
You die...

#.#######. #.# #.#
#÷# #.# #.# #.#
#.#############
#......÷....@.# #
#############.###...#
#......... #.@###...#
....# .. ####.. #..
.... ....


You could see Sigmund.

Vanquished Creatures
  A ball python (D:1)
  3 bats
  A giant cockroach (D:1)
  3 goblins (D:1)
  4 hobgoblins (D:1)
  5 jackals
  A frilled lizard (D:1)
  A kobold (D:1)
  7 rats
26 creatures vanquished.

Notes
Turn   | Place    | Note
-------+----------+-------------------------------------------
     0 | D:1      | shadizar the Octopode Fighter began the quest for the Orb.
     0 | D:1      | Reached XP level 1. HP: 16/16 MP: 1/1
   183 | D:1      | Reached XP level 2. HP: 18/21 MP: 2/2
   186 | D:1      | Reached skill level 1 in Stealth
  1072 | D:1      | Reached XP level 3. HP: 26/26 MP: 3/3
  1275 | D:2      | Noticed Sigmund
  1282 | D:2      | Killed from afar by Sigmund

Illustrated notes

Levels and vault maps discovered:
D:1:      dpeg_arrival_stone_temple_mockup, layout_basic, st_stairs_8
D:2:      layout_loops_ring, ashenzari_conservatory_becter, uniq_sigmund

Skill      XL: |  1  2 |
---------------+-------+-----
Stealth        | 1 |  1.6
Fighting       | |  3.2
Axes           | |  2.3
Dodging        | |  3.2
Shields        | |  3.2

Action                   || total
-------------------------++-------
Melee: War axe           ||    47
       Constrict         ||    12
       Tentacles         ||     6
 Stab: Sleeping          ||    10
  Eat: Chunk             ||     1
Armor: Skin              ||     3
Dodge: Dodged            ||    30
Block: Kite shield       ||    11
